 Dungeon Crawl Stone Soup version 0.29-a0-266-gf56f883ddd (webtiles) character file.

Game seed: 14069552800635378641

133 Rennog the Covered (level 5, -1/43 HPs)
             Began as a Gnoll Wanderer on Mar 6, 2022.
             Slain by an iguana (10 damage)
             ... on level 4 of the Dungeon.
             The game lasted 00:04:56 (3348 turns).

Rennog the Covered (Gnoll Wanderer)                 Turns: 3348, Time: 00:04:57

Health: -1/43      AC: 11    Str: 14    XL:     5   Next: 16%
Magic:  9/9        EV:  7    Int: 12    God:
Gold:   211        SH:  0    Dex: 10    Spells: 9/10 levels left

rFire   . . .      SeeInvis .   a - +3 dagger
rCold   + . .      Faith    .   i - orb {mayhem}
rNeg    . . .      Spirit   .   o - +0 chain mail
rPois   .          Reflect  .   (no helmet)
rElec   .          Harm     .   (no cloak)
rCorr   .          Rampage  .   (no gloves)
Will    .....                   n - +0 pair of boots
Stlth   ..........              (no amulet)
HPRegen 0.14/turn               f - ring of protection from cold
MPRegen 0.11/turn               (no ring)

@: no status effects
A: fangs 1, strong nose, distributed training
a: no special abilities


You were on level 4 of the Dungeon.
You visited 1 branch of the dungeon, and saw 4 of its levels.

You collected 211 gold pieces.

Inventory:

Hand Weapons
 a - a +3 dagger (weapon)
 q - a +0 quarterstaff
Missiles
 b - 4 curare-tipped darts (quivered)
 d - 86 stones
Armour
 e - a +0 leather armour
 i - an orb of mayhem (worn)
 n - a +0 pair of boots (worn)
 o - a +0 chain mail (worn)
 r - a +0 plate armour
Jewellery
 f - a ring of protection from cold (left hand)
Scrolls
 c - a scroll of fog
 g - a scroll of amnesia {unknown}
 l - 2 scrolls of brand weapon {unknown}
 m - 2 scrolls of noise {unknown}
 p - a scroll of identify {unknown}
 s - a scroll of enchant weapon {unknown}
 u - a scroll of enchant armour {unknown}
Potions
 h - a potion of might {unknown}
 j - a potion of haste {unknown}
 k - a potion of lignification {unknown}
 t - a potion of flight {unknown}


   Skills:
 + Level 4.7 Fighting
 + Level 1.4 Short Blades
 + Level 1.4 Long Blades
 + Level 1.4 Axes
 + Level 1.4 Maces & Flails
 + Level 1.4 Polearms
 + Level 1.4 Staves
 + Level 1.4 Slings
 + Level 1.4 Bows
 + Level 1.4 Crossbows
 + Level 4.7 Throwing
 + Level 6.6 Armour
 + Level 1.4 Dodging
 + Level 2.7 Stealth
 + Level 1.4 Shields
 + Level 1.4 Unarmed Combat
 + Level 3.1 Spellcasting
 + Level 1.1 Conjurations
 + Level 1.1 Hexes
 + Level 1.1 Summonings
 + Level 1.1 Necromancy
 + Level 1.1 Translocations
 + Level 1.1 Transmutations
 + Level 1.1 Fire Magic
 + Level 1.1 Ice Magic
 + Level 1.1 Air Magic
 + Level 2.3 Earth Magic
 + Level 1.1 Poison Magic
 + Level 1.5 Invocations
 + Level 1.4 Evocations


You had 9 spell levels left.
You knew the following spells:

 Your Spells              Type           Power      Damage    Failure   Level
a - Sandblast             Erth           14%        2d6       86%         1

Your spell library contained the following spells:

 Spells                   Type           Power      Damage    Failure   Level
 Sublimation of Blood     Necr           4%         N/A       99%         2
 Wereblood                Tmut           4%         N/A       99%         2
 Conjure Flame            Conj/Fire      4%         6-21      100%        3
 Ignite Poison            Fire/Tmut/Pois 4%         N/A       100%        3
 Stone Arrow              Conj/Erth      12%        3d7       100%        3
 Sticky Flame             Conj/Fire      4%         2d3       100%        4
 Summon Hydra             Summ           2%         N/A       100%        7


Dungeon Overview and Level Annotations

Branches:
Dungeon (4/15)
 Temple: D:4-7

Altars:


Innate Abilities, Weirdness & Mutations

You have very sharp teeth.
Your uncanny sense of smell can sniff out nearby items.
Your experience applies equally to all skills.


Message History

You hit the iguana.
The iguana is lightly wounded.
You hit the iguana but do no damage.
The iguana is lightly wounded.
The iguana bites you but does no damage.
You hit the iguana but do no damage.
The iguana is lightly wounded.
The iguana bites you.
You barely miss the iguana. Your bite misses the iguana.
The iguana is lightly wounded.
The iguana bites you!
You are too injured to fight recklessly!
You are too injured to fight recklessly!
You are too injured to fight recklessly!
You are too injured to fight recklessly!
You are too injured to fight recklessly!
You are too injured to fight recklessly!
You are too injured to fight recklessly!
You are too injured to fight recklessly!
You are too injured to fight recklessly!
You are too injured to fight recklessly!
You are too injured to fight recklessly!
You are too injured to fight recklessly!
You are too injured to fight recklessly!
The iguana attacks as you move away! The iguana bites you.
* * * LOW HITPOINT WARNING * * *
The iguana attacks as you move away!
The iguana bites you but does no damage.
You see here a +0 dagger.
The iguana attacks as you move away! The iguana barely misses you.
The iguana attacks as you move away!
The iguana bites you but does no damage.
The iguana attacks as you move away! The iguana bites you.
* * * LOW HITPOINT WARNING * * *
The iguana attacks as you move away! The iguana bites you.
* * * LOW HITPOINT WARNING * * *
The iguana attacks as you move away! The iguana bites you.
* * * LOW HITPOINT WARNING * * *
The iguana attacks as you move away! The iguana bites you!
You die...

#######........
∆
.......†..#####
#######<#.# # ∆
#.#.# # ∆ ###
#.#.# # ..#
#.#.# # #.#
#.#.##### #.#
#........ #@#
###.##### #l#
#.# #.# #.# #.#
#.# #.# #.##
#.# #..# #.#
##.# #.########
#.# #........#
#.#


You could see an iguana.

Vanquished Creatures
  An orc wizard (D:3)
  4 adders
  A dart slug (D:2)
  3 orcs (D:3)
  5 ball pythons
  3 endoplasms
  4 giant cockroaches
  9 goblins
  7 hobgoblins
  4 jackals
  2 quokkas
  5 bats
  2 frilled lizards
  2 kobolds
  4 rats
56 creatures vanquished.

Vanquished Creatures (collateral kills)
  A giant cockroach (D:2)
  A goblin (D:2)
  2 hobgoblins (D:2)
  A jackal (D:2)
5 creatures vanquished.

Grand Total: 61 creatures vanquished

Notes
Turn   | Place    | Note
-------+----------+-------------------------------------------
     0 | D:1      | Rennog the Gnoll Wanderer began the quest for the Orb.
     0 | D:1      | Rennog set off with the following items: a +3 dagger, 4
                  | curare-tipped darts, a scroll of fog, 34 stones, a +0
                  | leather armour; and the following spell memorised:
                  | Sandblast; and the following spells available to memorise:
                  | Stone Arrow
     0 | D:1      | Reached XP level 1. HP: 20/20 MP: 4/4
     2 | D:1      | Noticed a felid
     2 | D:1      | Noticed a ghoul
     4 | D:1      | Noticed a tengu
     4 | D:1      | Noticed an ogre
     6 | D:1      | Noticed a vampire
     8 | D:1      | Noticed a troll
     8 | D:1      | Noticed a gargoyle
    10 | D:1      | Noticed a draconian
    12 | D:1      | Noticed a demigod
    14 | D:1      | Noticed an octopode
    14 | D:1      | Noticed a merfolk
    16 | D:1      | Noticed a naga
    18 | D:1      | Noticed a minotaur
    18 | D:1      | Noticed a spriggan
    20 | D:1      | Noticed a human
    20 | D:1      | Noticed a formicid
    22 | D:1      | Noticed a vine stalker
    22 | D:1      | Noticed an elf
    24 | D:1      | Noticed a dwarf
    26 | D:1      | Noticed a demonspawn
   241 | D:1      | Reached XP level 2. HP: 26/26 MP: 5/5
   657 | D:1      | Found a faded altar of an unknown god.
  1212 | D:2      | Reached XP level 3. HP: 28/31 MP: 7/7
  1377 | D:2      | Reached skill level 1 in Invocations
  1567 | D:2      | Reached skill level 1 in Short Blades
  1567 | D:2      | Reached skill level 1 in Long Blades
  1567 | D:2      | Reached skill level 1 in Axes
  1567 | D:2      | Reached skill level 1 in Maces & Flails
  1567 | D:2      | Reached skill level 1 in Polearms
  1567 | D:2      | Reached skill level 1 in Staves
  1567 | D:2      | Reached skill level 1 in Slings
  1567 | D:2      | Reached skill level 1 in Bows
  1567 | D:2      | Reached skill level 1 in Crossbows
  1567 | D:2      | Reached skill level 1 in Dodging
  1567 | D:2      | Reached skill level 1 in Shields
  1567 | D:2      | Reached skill level 1 in Unarmed Combat
  1567 | D:2      | Reached skill level 1 in Evocations
  1712 | D:2      | Reached XP level 4. HP: 38/38 MP: 8/8
  2430 | D:3      | Reached skill level 1 in Conjurations
  2430 | D:3      | Reached skill level 1 in Hexes
  2430 | D:3      | Reached skill level 1 in Summonings
  2430 | D:3      | Reached skill level 1 in Necromancy
  2430 | D:3      | Reached skill level 1 in Translocations
  2430 | D:3      | Reached skill level 1 in Transmutations
  2430 | D:3      | Reached skill level 1 in Fire Magic
  2430 | D:3      | Reached skill level 1 in Ice Magic
  2430 | D:3      | Reached skill level 1 in Air Magic
  2430 | D:3      | Reached skill level 1 in Poison Magic
  2997 | D:3      | Reached XP level 5. HP: 31/43 MP: 9/9
  3348 | D:4      | Slain by an iguana

Illustrated notes

Levels and vault maps discovered:
D:1:      kb_arrival_jail, layout_basic, shapermc_ecumenical_altar_ellora
D:2:      cheibrodos_greedy_goblins, layout_loops_corners
D:3:      layout_rooms
D:4:      layout_loops_ring, minmay_overflow_temple_star_hex

Skill      XL: |  1  2  3  4 |
---------------+-------------+-----
Earth Magic    | 2 |  2.3
Invocations    | 1 |  1.5
Short Blades   | 1 |  1.4
Long Blades    | 1 |  1.4
Axes           | 1 |  1.4
Maces & Flails | 1 |  1.4
Polearms       | 1 |  1.4
Staves         | 1 |  1.4
Slings         | 1 |  1.4
Bows           | 1 |  1.4
Crossbows      | 1 |  1.4
Dodging        | 1 |  1.4
Shields        | 1 |  1.4
Unarmed Combat | 1 |  1.4
Evocations     | 1 |  1.4
Spellcasting   | 3 |  3.1
Conjurations   | 1 |  1.1
Hexes          | 1 |  1.1
Summonings     | 1 |  1.1
Necromancy     | 1 |  1.1
Translocations | 1 |  1.1
Transmutations | 1 |  1.1
Fire Magic     | 1 |  1.1
Ice Magic      | 1 |  1.1
Air Magic      | 1 |  1.1
Poison Magic   | 1 |  1.1
Fighting       | |  4.7
Throwing       | |  4.7
Armour         | |  6.6
Stealth        | |  2.7

Action                   |  1- 3 |  4- 6 || total
-------------------------+-------+-------++-------
Melee: Dagger            |    84 |    65 ||   149
       Bite              |     6 |     5 ||    11
 Cast: Sandblast         |    10 |    12 ||    22
 Stab: Sleeping          |     3 |       ||     3
Armor: Leather armour    |    25 |     9 ||    34
       Chain mail        |       |    37 ||    37
Dodge: Dodged            |    55 |    44 ||    99

Table legend: (Time is in decaauts)
 A = Elapsed time spent in this place.
 B = Non-inter-level travel time spent in this place.
 C = Inter-level travel time spent in this place.
 D = Time resting spent in this place.
 E = Time spent auto-exploring this place.
 F = Levels seen in this place.
 G = Mean time per level.
                   A        B        C        D        E       F      G
               +--------+--------+--------+--------+--------+-----+--------+
         Total |   3349 |   3013 |    336 |    173 |   2312 |   4 |  837.2 |
       Dungeon |   3349 |   3013 |    336 |    173 |   2312 |   4 |  837.2 |
               +--------+--------+--------+--------+--------+-----+--------+

Top non-repeatable levels by time:
     D:2: 1537 daAuts
     D:1: 989 daAuts
     D:3: 693 daAuts
     D:4: 128 daAuts
